 Dungeon Crawl Stone Soup version 0.17-a0-1637-g5d65775 (webtiles) character file.

22656 MiaIshata the Fighter (level 12, -5/80 HPs)
             Began as a Minotaur Monk on Aug 7, 2015.
             Was the Champion of Nemelex Xobeh.
             Killed from afar by a starcursed mass (6 damage)
             ... with an accursed screaming
             ... on level 1 of the Abyss.
             The game lasted 01:24:30 (13956 turns).

MiaIshata the Fighter (Minotaur Monk)              Turns: 13956, Time: 01:24:30

Health: -5/80      AC: 11    Str: 17      XL:     12   Next: 64%
Magic:  15/15      EV: 13    Int:  2 (3)  God:    Nemelex Xobeh [******]
Gold:   729        SH:  0    Dex: 17      Spells: 1 memorised, 10 levels left

rFire  . . .     SeeInvis .       - Unarmed
rCold  . . .     Clarity  +     u - +2 chain mail {MR+}
rNeg   . . .     SustAt   +     (no shield)
rPois  +         Gourm    .     (helmet restricted)
rElec  .         Spirit   .     l - +1 cloak
rCorr  +         Warding  .     (no gloves)
rMut   .         Rnd*Tele +     L - +0 pair of boots "Vocwigou" {-Cast rPois Str+3}
MR     +....     NoCast   +     G - amulet of resist corrosion
Stlth  ..........               B - ring of sustain attributes
                                v - +3 ring of dexterity

@: very slightly contaminated, somewhat resistant to hostile enchantments,
extremely unstealthy
A: retaliatory headbutt, horns 2, berserk 2, blurry vision 3, clarity, clumsy 2,
deformed body, deterioration 1, dopey 2, frail 3, low mp 1, teleportitis 1, weak
1, subdued magic 2, MP-powered wands
a: Triple Draw, Deal Four, Stack Five, Renounce Religion


You were on level 1 of the Abyss.
You worshipped Nemelex Xobeh.
Nemelex Xobeh was exalted by your worship.
You were not hungry.

You visited 2 branches of the dungeon, and saw 13 of its levels.
You visited the Abyss 1 time.
You also visited: Ice Cave.

You collected 818 gold pieces.
You spent 73 gold pieces at shops.

Inventory:

Hand weapons
 A - a +1 demon blade of venom
Armour
 k - the +3 leather armour "Vyxtianyvi" {rF+ Int+2 Dex+5}
   (You took it off an orc on level 4 of the Dungeon)

   It affects your intelligence (+2).
   It affects your dexterity (+5).
   It protects you from fire.
 l - a +1 cloak (worn)
 u - a +2 chain mail of magic resistance (worn)
 y - a +4 ring mail of cold resistance
 E - the cursed +0 chain mail of Qeobei {rElec, unknown}
   (You found it on level 1 of the Abyss)

   It insulates you from electricity.
   It has a curse placed upon it.
 L - the +0 pair of boots "Vocwigou" (worn) {-Cast rPois Str+3}
   (You found it in an ice cave)

   It affects your strength (+3).
   It protects you from poison.
   It prevents spellcasting.
Magical staves
 h - an uncursed staff of death {unknown}
 N - an uncursed staff of power {unknown}
Jewellery
 n - an uncursed amulet of regeneration
 v - a +3 ring of dexterity (left hand)
 B - a ring of sustain attributes (right hand)
 G - an amulet of resist corrosion (around neck)
Magical devices
 a - a wand of digging (19)
 c - a wand of confusion (20)
Scrolls
 d - 5 scrolls of remove curse
 o - a scroll of blinking
 p - 4 scrolls of amnesia
 q - a scroll of fear
 D - 2 scrolls of recharging
Potions
 m - 2 potions of might
 x - a potion of cure mutation {unknown}
 C - a potion of agility
 H - a potion of flight
 J - a potion of resistance
Books
 I - a book of the Dragon

   Spells                             Type                      Level
   a - Flame Tongue                   Conjuration/Fire             1
   b - Cause Fear                     Hexes                        4
   c - Bolt of Fire                   Conjuration/Fire             6
   d - Dragon Form                    Transmutation                7
   e - Dragon's Call                  Summoning                    9
Miscellaneous
 e - an ornate deck of war
 f - a plain deck of destruction {drawn: 5}
 g - an ornate deck of destruction {drawn: 2}
 w - a plain deck of escape {drawn: 4}
 F - an ornate deck of escape {drawn: 1}
 K - a plain deck of destruction
 M - a plain deck of war
 P - an ornate deck of escape
Comestibles
 b - 8 bread rations
 j - 2 meat rations
 r - 4 slices of pizza
 s - 3 beef jerkies
 t - 11 fruits
 z - 2 royal jellies


   Skills:
 * Level 13.3 Fighting
 + Level 5.4 Armour
 + Level 11.7 Dodging
 + Level 5.7 Stealth
 + Level 11.1 Unarmed Combat
 * Level 8.5 Evocations


You had 10 spell levels left.
You knew the following spells:

 Your Spells              Type           Power        Failure   Level  Hunger
a - Flame Tongue          Conj/Fire      #....        100%        1    ##.....


Dungeon Overview and Level Annotations

Branches:
Dungeon (9/15)             Temple (0/1) D:5            Lair (4/8) D:9
  Swamp: Lair:3-6    Shoals: Lair:3-6     Snake: Lair:3-6    Spider: Lair:3-6
    Orc: D:9-12

Altars:
Cheibriados
Dithmenos
Fedhas
Gozag
Makhleb
Nemelex Xobeh
Sif Muna
Yredelemnul

Shops:
D:5 [!   D:8 %   D:9 (

Annotations:
Lair:4 Urug


Innate Abilities, Weirdness & Mutations

You reflexively headbutt those who attack you in melee.
You have a pair of horns on your head.
You possess an exceptional clarity of mind.
[You often lose your temper in combat.]
[Scrolls take you much longer to read.]
[You are very clumsy. (Dex -4)]
[Armour fits poorly on your strangely shaped body.]
[Your body sometimes deteriorates upon taking damage.]
[You are very dopey. (Int -4)]
[You are extremely frail (-30% HP).]
[Your magical capacity is low (-10% MP).]
[You are occasionally teleported to nearby monsters.]
[You are weak. (Str -2)]
[Your spells are easier to cast, but less powerful.]
[You expend magic power (3 MP) to strengthen your wands.]


Message History

Keep equipping yourself? [Y]es or [N]o only, please.
Keep equipping yourself?
You continue putting on your +2 chain mail of magic resistance.
The starcursed mass misses you.
You continue putting on your +2 chain mail of magic resistance.
The starcursed mass shrieks in your mind.
* * * LOW HITPOINT WARNING * * *
You continue putting on your +2 chain mail of magic resistance.
The starcursed mass engulfs you!
* * * LOW HITPOINT WARNING * * *
You continue putting on your +2 chain mail of magic resistance.
The starcursed mass misses you. You furiously retaliate!
You headbutt the starcursed mass, but do no damage.
You finish putting on your +2 chain mail of magic resistance.
You feel resistant to hostile enchantments.
The ynoxinul bellows!
The starcursed mass shrieks in your mind.
You die...
Your body glows with a rainbow of weird colours and disappears.

#....#..
.#.#.. .
..3#.# ..#
..#.#.#..
....... ##
#..#.# #.
###...#
#.#.#X.@.#
..#.
#.##.#..#
.#.
..####.#
.... . ..
..#.#####
.#.. .
#....#.#.##
.#. #
.......#.#
# #. ..####
.#### #..#
.... . .
...##.#..
#.#


You could see a starcursed mass and a ynoxinul.

Vanquished Creatures
  2 hydras
  The ghost of felirx the Cleaver, an experienced HOFi of Qazlal (D:6)
  A deep troll (Lair:1)
  An anaconda zombie (Abyss:1)
  2 ice statues (IceCv)
  Pikel (D:4)
  A komodo dragon (Lair:1)
  4 spiny frogs
  A fire drake (Lair:3)
  7 blue devils (IceCv)
  Grinder (D:5)
  A red devil (IceCv)
  10 blink frogs
  18 yaks
  A wyvern (Lair:3)
  2 hippogriffs (Lair:3)
  4 wolves
  A human (D:7)
  A hungry ghost (D:8)
  8 porcupines
  5 water moccasins
  2 orc warriors
  A wasp (D:4)
  A black bear (D:8)
  3 ogres
  4 ice beasts
  A sky beast (D:8)
  2 phantoms
  A necrophage (D:8)
  A centaur (D:8)
  3 crocodiles
  A big kobold (D:9)
  8 giant frogs
  2 scorpions
  8 killer bees
  A wight (D:7)
  2 draconian simulacra (IceCv)
  A wasp zombie (D:6)
  2 jellies
  A gnoll shaman (D:7)
  A quasit (D:8)
  3 hounds
  4 orc priests
  An iron imp (Abyss:1)
  12 hell rats
  15 orc wizards
  A spriggan simulacrum (IceCv)
  3 troll simulacra (IceCv)
  5 worker ants
  10 iguanas
  A centaur simulacrum (IceCv)
  12 sheep
  2 ogre simulacra (IceCv)
  26 river rats
  3 gnolls (D:7)
  10 adders
  A shadow imp (D:9)
  A naga simulacrum (IceCv)
  An ooze (D:2)
  3 worms
  3 giant geckos
  36 orcs
  2 ball pythons
  3 giant cockroaches
  5 hobgoblins
  11 jackals
  9 bats
  A giant gecko skeleton (D:4)
  6 giant newts
  9 goblins
  9 kobolds
  5 quokkas
  2 quokka skeletons
  10 rats
  A plant (Lair:1)
345 creatures vanquished.

Vanquished Creatures (collateral kills)
  A tentacled starspawn (Abyss:1)
  A green death (Abyss:1)
  A necromancer (IceCv)
  An ugly thing (D:8)
  An ancient zyme (Abyss:1)
  The ghost of LilCorpsy the Poker, an average MfGl of Okawaru (D:4)
  Prince Ribbit (Lair:2)
  3 blink frogs (Lair:2)
  A large abomination (Abyss:1)
  Edmund (D:5)
  An orc warrior (D:8)
  A small abomination (Abyss:1)
  An ice beast (D:5)
  A big kobold (D:8)
  A quasit (Abyss:1)
  6 orc wizards
  An orc priest (D:8)
  4 orcs
  A hobgoblin (D:4)
  3 kobolds (D:8)
  A quokka skeleton (D:8)
  A starspawn tentacle (Abyss:1)
34 creatures vanquished.

Vanquished Creatures (others)
  A worm (D:4)
  13 fungi
  2 plants
  A starspawn tentacle (Abyss:1)
  68 starspawn tentacle segments (Abyss:1)
85 creatures vanquished.

Grand Total: 464 creatures vanquished

Notes
Turn   | Place    | Note
--------------------------------------------------------------
     0 | D:1      | MiaIshata the Minotaur Monk began the quest for the Orb.
     0 | D:1      | Reached XP level 1. HP: 19/19 MP: 0/0
   271 | D:1      | Reached XP level 2. HP: 26/26 MP: 1/1
   626 | D:2      | Reached skill level 5 in Unarmed Combat
   696 | D:2      | Reached XP level 3. HP: 33/33 MP: 2/2
   796 | D:2      | Reached XP level 4. HP: 40/40 MP: 3/3
  1335 | D:3      | Reached skill level 6 in Unarmed Combat
  1508 | D:3      | Reached XP level 5. HP: 34/47 MP: 4/4
  2060 | D:3      | Found a burning altar of Makhleb.
  2067 | D:3      | Found a snail-covered altar of Cheibriados.
  2067 | D:3      | Found an opulent altar of Gozag.
  2067 | D:3      | Found a sparkling altar of Nemelex Xobeh.
  2067 | D:3      | Found a deep blue altar of Sif Muna.
  2072 | D:3      | Found a shadowy altar of Dithmenos.
  2074 | D:3      | Found a basalt altar of Yredelemnul.
  2087 | D:3      | Became a worshipper of Nemelex Xobeh the Trickster
  2087 | D:3      | Received a gift from Nemelex Xobeh
  2087 | D:3      | Received a gift from Nemelex Xobeh
  2087 | D:3      | Received a gift from Nemelex Xobeh
  2315 | D:4      | Received a gift from Nemelex Xobeh
  2356 | D:4      | Noticed LilCorpsy's ghost (average MfGl)
  2362 | D:4      | Killed LilCorpsy's ghost
  2362 | D:4      | Reached skill level 5 in Fighting
  2362 | D:4      | Reached XP level 6. HP: 54/56 MP: 5/5
  2490 | D:4      | Reached skill level 1 in Evocations
  2515 | D:4      | Paralysed by a wasp for 1 turns
  2689 | D:4      | Noticed a phantom
  2689 | D:4      | Found a shadowy altar of Dithmenos.
  2722 | D:4      | Reached skill level 5 in Dodging
  2741 | D:4      | Killed a phantom
  2741 | D:4      | Reached XP level 7. HP: 36/62 MP: 5/7
  2782 | D:4      | Noticed a slave
  2782 | D:4      | Noticed a slave
  2797 | D:4      | Noticed Pikel
  2797 | D:4      | Noticed a slave
  2798 | D:4      | Noticed a slave
  2810 | D:4      | Killed Pikel
  2810 | D:4      | Reached skill level 7 in Unarmed Combat
  2810 | D:4      | Reached XP level 8. HP: 15/71 MP: 7/9
  3115 | D:4      | Acquired Nemelex Xobeh's first power
  3115 | D:4      | Received a gift from Nemelex Xobeh
  3204 | D:4      | Got a shimmering leather armour
  3215 | D:4      | Identified the +3 leather armour "Vyxtianyvi" {rF+ Int+2 Dex+5} (You took it off an orc on level 4 of the Dungeon)
  3452 | D:5      | Entered Level 5 of the Dungeon
  3507 | D:5      | Noticed Grinder
  3522 | D:5      | Paralysed by Grinder for 3 turns
  3524 | D:5      | Killed Grinder
  3741 | D:5      | Found a staircase to the Ecumenical Temple.
  3789 | D:5      | Found Wahyacawn's Antique Armour Emporium.
  3909 | D:5      | Noticed Edmund
  3915 | D:5      | Killed Edmund
  3974 | D:5      | Found Gianor's Distillery.
  3978 | D:5      | Bought a potion of curing for 33 gold pieces
  4150 | D:6      | Noticed felirx's ghost (experienced HOFi)
  4368 | D:6      | Killed felirx's ghost
  4368 | D:6      | Reached skill level 8 in Fighting
  4368 | D:6      | Reached XP level 9. HP: 7/81 MP: 9/11
  5413 | D:7      | Acquired Nemelex Xobeh's second power
  5544 | D:7      | Reached skill level 5 in Evocations
  5603 | D:7      | Received a gift from Nemelex Xobeh
  5883 | D:8      | Reached skill level 9 in Fighting
  5958 | D:8      | Noticed a red ugly thing
  5964 | D:8      | Killed a red ugly thing
  5993 | D:8      | Reached XP level 10. HP: 91/91 MP: 13/13
  6057 | D:8      | Received a gift from Nemelex Xobeh
  6057 | D:8      | Received a gift from Nemelex Xobeh
  6062 | D:8      | Found Zoylaig's Food Shop.
  6070 | D:8      | Bought 2 royal jellies for 40 gold pieces
  6308 | D:9      | Noticed Erolcha
  6310 | D:9      | Noticed Erolcha
  6310 | D:9      | Erolcha changed into Erolcha the ice beast
  6313 | D:9      | Killed Erolcha the ice beast
  6321 | D:9      | Found a staircase to the Lair.
  6724 | D:8      | Reached skill level 10 in Fighting
  6997 | D:9      | Acquired Nemelex Xobeh's third power
  7026 | Lair:1   | Entered Level 1 of the Lair of Beasts
  7214 | D:9      | Found Iseth's Weapon Boutique.
  7865 | Lair:1   | Noticed Fannar
  7876 | Lair:1   | Noticed Fannar
  7876 | Lair:1   | Fannar changed into Fannar the deep troll
  7891 | Lair:1   | Killed Fannar the deep troll
  7891 | Lair:1   | Reached XP level 11. HP: 101/101 MP: 14/14
  8038 | Lair:1   | Received a gift from Nemelex Xobeh
  8223 | Lair:1   | Received a gift from Nemelex Xobeh
  8485 | Lair:1   | Reached skill level 11 in Fighting
  8579 | Lair:1   | Reached skill level 10 in Dodging
  8983 | Lair:2   | Reached skill level 5 in Armour
  9083 | Lair:2   | Learned a level 1 spell: Flame Tongue
  9428 | Lair:2   | Noticed a five-headed hydra
  9436 | Lair:2   | Killed a five-headed hydra
  9436 | Lair:2   | Reached skill level 10 in Unarmed Combat
  9688 | Lair:2   | Noticed Prince Ribbit
  9705 | Lair:2   | Killed Prince Ribbit
  9901 | Lair:3   | Reached skill level 5 in Stealth
  9914 | Lair:3   | Reached skill level 12 in Fighting
 10062 | Lair:3   | Got a brightly glowing leather armour
 10063 | Lair:3   | Identified the +4 leather armour "Xing" {MR+ Regen+ Stlth+} (You found it on level 3 of the Lair of Beasts)
 10127 | Lair:3   | Noticed a five-headed hydra
 10145 | Lair:3   | Killed a five-headed hydra
 10164 | Lair:3   | Received a gift from Nemelex Xobeh
 10192 | Lair:3   | Found a frozen archway.
 10300 | IceCv    | Entered an ice cave
 10317 | IceCv    | Reached XP level 12. HP: 110/112 MP: 16/16
 10424 | IceCv    | Noticed an ice statue
 10424 | IceCv    | Noticed an ice statue
 10664 | IceCv    | Killed an ice statue
 10682 | IceCv    | Received a gift from Nemelex Xobeh
 11087 | IceCv    | Killed an ice statue
 11106 | IceCv    | Noticed a necromancer
 11129 | IceCv    | Noticed a purple very ugly thing
 11136 | IceCv    | Killed a necromancer
 11147 | IceCv    | Killed a green very ugly thing
 11841 | IceCv    | Got a pair of faintly humming boots
 11851 | IceCv    | Identified the +0 pair of boots "Vocwigou" {-Cast rPois Str+3} (You found it in an ice cave)
 12380 | Lair:3   | Received a gift from Nemelex Xobeh
 12384 | Lair:3   | Found a blossoming altar of Fedhas.
 13063 | Lair:4   | Received a gift from Nemelex Xobeh
 13203 | Lair:4   | Reached skill level 13 in Fighting
 13217 | Lair:4   | Noticed Urug
 13236 | Lair:4   | Cast into the Abyss (drawing a card)
 13295 | Abyss:1  | Received a gift from Nemelex Xobeh
 13334 | Abyss:1  | Noticed Femoif the pandemonium lord
 13350 | Abyss:1  | Noticed a tentacled starspawn
 13367 | Abyss:1  | Killed a tentacled starspawn
 13459 | Abyss:1  | Noticed a starcursed mass
 13463 | Abyss:1  | Noticed a green death
 13491 | Abyss:1  | Killed a green death
 13751 | Abyss:1  | Received a gift from Nemelex Xobeh
 13752 | Abyss:1  | Gained mutation: You possess an exceptional clarity of mind. [a neqoxec]
 13778 | Abyss:1  | Gained mutation: [Your spells are a little easier to cast, but a little less powerful.] [a neqoxec]
 13809 | Abyss:1  | Noticed a tentacled starspawn
 13834 | Abyss:1  | Noticed a starcursed mass
 13874 | Abyss:1  | Noticed an Executioner
 13879 | Abyss:1  | Noticed a starcursed mass
 13923 | Abyss:1  | HP: 3/80 [starcursed mass/accursed screaming (13)]
 13942 | Abyss:1  | Got an ancient chain mail
 13953 | Abyss:1  | HP: 1/80 [starcursed mass (7)]
 13956 | Abyss:1  | Killed from afar by a starcursed mass

Vault maps used:
D:1:      dpeg_arrival_signposts
D:2:      minmay_misc_feat_rugged, grunt_ministairs_7, minmay_misc_feat_room
D:3:      minitemple
D:4:      first_bread, hangedman_decor_lopped, grunt_dithmenos_shadows,
          uniq_pikel
D:5:      minmay_temple_entry_poolview, serial_shops, kennysheep_mini, shop,
          uniq_edmund, uniq_grinder
D:6:      minmay_flawed_box
D:7:      serial_glass, glass_columns_a, glass_columns_c, grunt_livestock
D:8:      serial_shops, shop_statue
D:9:      dpeg_lair_monsters, serial_shops, kennysheep_little_box, uniq_erolcha
Lair:1:   infiniplex_staircase_pool_2, uniq_fannar
Lair:2:   serial_bayou_shore_b, grunt_megastairs_3, serial_bayou_shore_b,
          uniq_prince_ribbit2
Lair:3:   basic_altar, portal_ice_cave_entry_pillars_02,
          grunt_forest_large_clearings
Lair:4:   minmay_swamp_entry_swarm, beast_lair_carwin_2, serial_bayou_shore_a,
          uniq_josephine, uniq_urug
IceCv:    ice_cave_tombish

Action                   |  1- 3 |  4- 6 |  7- 9 | 10-12 || total
-------------------------+-------+-------+-------+-------++-------
Melee: Unarmed           |    53 |   137 |   197 |   605 ||   992
Evoke: Deck              |       |     5 |    27 |    52 ||    84
       Phantom mirror    |       |       |       |     1 ||     1
       Wand              |       |       |       |     2 ||     2
  Use: Scroll            |     4 |     2 |     7 |    17 ||    30
       Potion            |       |       |     9 |     8 ||    17
 Stab: Sleeping          |     3 |     1 |     5 |     7 ||    16
       Distracted        |       |       |     1 |     2 ||     3
  Eat: Bread ration      |       |     2 |     1 |     1 ||     4
       Fruit             |       |       |     3 |    16 ||    19
       Pizza             |       |       |     1 |     5 ||     6
       Meat ration       |       |       |       |     1 ||     1
